 Dungeon Crawl Stone Soup version 0.24-a0-134-gd0b080c8eb (webtiles) character file.

Game seed: 0

7584 MrRokkomies the Cleaver (level 11, 0/97 HPs)
             Began as a Barachi Fighter on Feb 27, 2019.
             Was a Believer of Wu Jian.
             Killed from afar by a fire dragon (7 damage)
             ... with a blast of flame
             ... on level 10 of the Dungeon on Feb 28, 2019.
             The game lasted 00:36:19 (10312 turns).

MrRokkomies the Cleaver (Barachi Fighter)          Turns: 10312, Time: 00:36:20

Health: 0/97       AC: 11    Str: 24    XL:     11   Next: 17%
Magic:  25/25      EV:  5    Int: 10    God:    Wu Jian [**....]
Gold:   478        SH: 14    Dex: 14    Spells: 10/10 levels left

rFire    . . .     SeeInvis .   i - +0 whip (distort)
rCold    . . .     Gourm    .   c - +0 shield
rNeg     . . .     Faith    .   m - +1 chain mail
rPois    .         Spirit   .   (helmet restricted)
rElec    .         Reflect  +   (no cloak)
rCorr    .         Harm     .   (no gloves)
MR       .....                  (no boots)
Stlth    ..........             h - +4 amulet of reflection
HPRegen  0.26/turn              p - ring of magical power
MPRegen  0.19/turn              (no ring)

@: mighty, slow
A: +LOS, swims, antennae 1, claws 1, rugged brown scales 1, slowness 1, strong
1, strong legs 1
a: Hop, Wall Jump, Renounce Religion


You were on level 10 of the Dungeon.
You worshipped Wu Jian.
Wu Jian was pleased with you.
You were not hungry.

You visited 2 branches of the dungeon, and saw 13 of its levels.
You also visited: Ossuary.

You collected 478 gold pieces.

Inventory:

Hand Weapons
 a - a +0 war axe
 i - a +0 whip of distortion (weapon)
 j - a +0 longbow
 y - a cursed -2 fustibalus of freezing
Missiles
 z - 10 sling bullets
 B - 50 arrows
Armour
 c - a +0 shield (worn)
 m - a +1 chain mail (worn)
Jewellery
 h - a +4 amulet of reflection (around neck)
 p - a ring of magical power (left claw)
Wands
 g - a wand of disintegration (13)
 v - a wand of acid (2)
Scrolls
 e - a scroll of blinking
 l - 6 scrolls of enchant armour
 o - 5 scrolls of teleportation
 q - 7 scrolls of remove curse
 r - 3 scrolls of identify
 s - a scroll of amnesia
 t - 2 scrolls of fog
 u - a scroll of brand weapon
 D - a scroll of summoning
Potions
 b - 2 potions of agility
 d - a potion of might
 k - 2 potions of curing
 n - a potion of invisibility
 x - 2 potions of brilliance
 A - a potion of flight
Comestibles
 f - 17 rations


   Skills:
 - Level 12.0 Fighting
 * Level 12.9 Axes
 - Level 3.6 Armour
 - Level 3.2 Shields
 * Level 7.3 Evocations


You had 10 spell levels left.
You didn't know any spells.
Your spell library contained the following spells:

 Spells                   Type           Power        Failure   Level  Hunger
 Corona                   Hex            #......      100%        1    ##.....
 Ensorcelled Hibernation  Hex/Ice        #.....       100%        2    ###....
 Confuse                  Hex            #.......     100%        3    ####...
 Dazzling Spray           Conj/Hex       #.....       100%        3    ####...
 Tukima's Dance           Hex            #.......     100%        3    ####...


Dungeon Overview and Level Annotations

Branches:
Dungeon (12/15)            Temple (1/1) D:7             Orc (0/2) D:9
   Lair: D:8-11

Altars:
Ashenzari
Cheibriados
Dithmenos
Elyvilon
Fedhas
Gozag
Hepliaklqana
Kikubaaqudgha
Makhleb
Nemelex Xobeh
Okawaru
Qazlal
Ru
Sif Muna
Trog
Uskayaw
Vehumet
Wu Jian
Xom
Yredelemnul
Zin
The Shining One

Shops:
D:5 (

Annotations:
D:4 3 runed translucent doors, hemabe's ghost, novice HuAr
D:7 Joseph
Abyss:1 Grinder; Grum


Innate Abilities, Weirdness & Mutations

Shadows flee at your approach. (+LOS)
You can swim through water.
You cover ground slowly.
You can hop short distances.
You have a pair of small antennae on your head.
You have sharp fingernails.
You are partially covered in rugged brown scales. (AC +1, +3% HP)
Your muscles are strong. (Str +2)


Message History

You whack the wyvern zombie!
The wyvern zombie is almost destroyed.
The wyvern zombie blinks!
Your shield and chain mail prevent you from hitting the fire dragon.
The fire dragon is heavily wounded.
You hit the fire dragon but do no damage.
The fire dragon is heavily wounded.
The fire dragon blinks!
Your orc wizard dissolves into shadows!
Your shield and chain mail prevent you from hitting the wyvern zombie.
The wyvern zombie is almost destroyed.
You block the wyvern zombie's attack.
You hit the wyvern zombie.
The wyvern zombie is devoured by a tear in reality.
You lunge at the fire dragon.
You whack the fire dragon!
The fire dragon looks slightly unstable.
The fire dragon is heavily wounded.
The fire dragon breathes flames at you. The blast of flame hits you!
You die...

.# .# .##<# ....
..# #.# # ###
#######..###...###
...
#...>..#.....#...
#. #.#####)## #Z.#
#. #.#.(pD@§###..#
#.#(#####§#...#####
#.#.# ##.......[.
#.#.#### #.........
#......# #.#..#####
###.##.# #.#..#
#.##.# #.# .#
#.##.# .#( .. #####
#.##.# # #
..####....


You could see a fire dragon and a wizard.

Vanquished Creatures
  A centaur warrior (D:10)
  Pikel (D:7)
  A deep elf archer (D:10)
  2 deep elf magi (D:10)
  A spriggan (D:8)
  3 yaks (D:10)
  A shadow (D:10)
  A black bear (D:6)
  4 orc warriors
  An ice beast (D:4)
  3 ogres
  A phantom (D:10)
  4 centaurs
  4 wolves (D:8)
  A big kobold (D:8)
  7 bullfrogs
  2 scorpions
  2 killer bees (D:8)
  4 howler monkeys
  A crimson imp (D:6)
  4 hounds
  A human zombie (Ossuary)
  A jelly (D:7)
  A centaur skeleton (D:4)
  4 orc priests
  3 iguanas
  8 orc wizards
  3 worker ants
  2 hound skeletons (D:9)
  2 mummies (Ossuary)
  2 worker ant zombies
  A gnoll (D:6)
  9 adders
  6 shadow imps
  3 adder zombies
  5 worms
  2 dart slugs
  8 leopard geckos
  27 orcs
  4 ball pythons
  7 giant cockroaches
  8 goblins
  8 hobgoblins
  13 jackals
  A quokka (D:4)
  A ball python skeleton (D:5)
  5 bats
  7 frilled lizards
  4 goblin zombies (Ossuary)
  4 hobgoblin zombies (Ossuary)
  8 kobolds
  A kobold zombie (Ossuary)
  A leopard gecko zombie (D:8)
  A quokka skeleton (D:6)
  A quokka zombie (Ossuary)
  6 rats
  A rat zombie (Ossuary)
218 creatures vanquished.

Vanquished Creatures (others)
  2 yaks (D:10)
  4 slaves (D:7)
  A phantom (D:5)
  2 ogres
  A centaur (D:9)
  A bullfrog (D:8)
  A wyvern zombie (D:10)
  A scorpion (D:5)
  A killer bee (D:8)
  A crimson imp (D:7)
  A jelly (D:7)
  An orc priest (D:8)
  2 orc wizards
  A bullfrog skeleton (D:12)
  A worker ant (D:7)
  2 mummies
  A worker ant zombie (D:10)
  A shadow imp (D:6)
  An adder zombie (Ossuary)
  A dart slug (D:2)
  6 orcs
  A bat zombie (D:4)
  A giant cockroach (D:1)
  3 hobgoblins
  A jackal (D:2)
  A kobold (D:2)
  A bat (D:2)
  A kobold zombie (Ossuary)
  A rat zombie (Ossuary)
43 creatures vanquished.

Grand Total: 261 creatures vanquished

Notes
Turn   | Place    | Note
-------+----------+-------------------------------------------
     0 | D:1      | MrRokkomies the Barachi Fighter began the quest for the
                  | Orb.
     0 | D:1      | Reached XP level 1. HP: 18/18 MP: 1/1
   245 | D:1      | Reached XP level 2. HP: 22/25 MP: 2/2
   797 | D:2      | Reached XP level 3. HP: 31/31 MP: 3/3
  1000 | D:2      | Reached XP level 4. HP: 31/38 MP: 4/4
  1034 | D:2      | Reached skill level 5 in Fighting
  1638 | D:2      | Gained mutation: You are partially covered in rugged brown
                  | scales. (AC +1, +3% HP) [potion of mutation]
  1638 | D:2      | Gained mutation: Your muscles are strong. (Str +2) [potion
                  | of mutation]
  1638 | D:2      | Gained mutation: You have sharp fingernails. [potion of
                  | mutation]
  1638 | D:2      | Gained mutation: You have a pair of small antennae on your
                  | head. [potion of mutation]
  1682 | D:2      | Reached XP level 5. HP: 37/45 MP: 5/5
  2055 | D:3      | Reached skill level 5 in Axes
  2055 | D:3      | Reached XP level 6. HP: 50/53 MP: 6/6
  2592 | D:4      | Noticed hemabe's ghost (novice HuAr)
  2593 | D:4      | Found a runed translucent gate.
  2594 | D:4      | Found a runed translucent gate.
  2594 | D:4      | Found a runed translucent gate.
  2601 | D:4      | Noticed an ice beast
  2609 | D:4      | Killed an ice beast
  2723 | D:4      | Found an ancient bone altar of Kikubaaqudgha.
  3158 | D:4      | Reached XP level 7. HP: 53/61 MP: 7/7
  3347 | D:4      | Found Ytidweun's Book Shoppe.
  3539 | D:5      | Entered Level 5 of the Dungeon
  3770 | D:5      | Found Ukhoh's Weapon Shop.
  4231 | D:6      | Reached XP level 8. HP: 70/70 MP: 8/8
  4237 | D:6      | Noticed Grinder
  4263 | D:6      | Paralysed by Grinder for 4 turns
  4860 | D:6      | Paralysed by Grinder for 2 turns
  4917 | D:6      | Found a basalt altar of Yredelemnul.
  4989 | D:6      | Found a shadowy altar of Dithmenos.
  4991 | D:6      | Found a glowing silver altar of Zin.
  4991 | D:6      | Found an ancient bone altar of Kikubaaqudgha.
  4994 | D:6      | Found a burning altar of Makhleb.
  5450 | D:6      | Found an iron altar of Okawaru.
  5509 | D:6      | Banished Grinder
  5835 | D:7      | Upgraded the game from 0.24-a0-131-g11e5bb6019 to
                  | 0.24-a0-134-gd0b080c8eb
  5886 | D:7      | Noticed Joseph
  6035 | D:7      | Noticed Pikel
  6061 | D:7      | Killed Pikel
  6061 | D:7      | Reached skill level 10 in Fighting
  6061 | D:7      | Reached XP level 9. HP: 50/81 MP: 9/9
  6556 | D:7      | Found a staircase to the Ecumenical Temple.
  6574 | Temple   | Entered the Ecumenical Temple
  6579 | Temple   | Became a worshipper of the Wu Jian Council
  6894 | D:7      | Found an iron altar of Okawaru.
  7108 | D:8      | Found a sand-covered staircase.
  7115 | Ossuary  | Entered an ossuary
  7134 | Ossuary  | Reached skill level 10 in Axes
  7203 | Ossuary  | Reached * piety under Wu Jian
  7830 | D:8      | Found a deep blue altar of Sif Muna.
  7831 | D:8      | Noticed Grum
  8141 | D:8      | Banished Grum
  8240 | D:8      | Reached XP level 10. HP: 91/91 MP: 10/10
  8377 | D:8      | Reached skill level 1 in Evocations
  8619 | D:9      | Noticed a brown ugly thing
  8727 | D:9      | Found a staircase to the Orcish Mines.
  8805 | D:10     | Entered Level 10 of the Dungeon
  9478 | D:10     | Reached skill level 5 in Evocations
  9483 | D:10     | Reached ** piety under Wu Jian
  9493 | D:10     | Noticed a wizard
  9498 | D:10     | Noticed a deep elf mage
  9498 | D:10     | Noticed a manticore
  9500 | D:10     | Noticed a centaur warrior
  9510 | D:10     | Killed a centaur warrior
  9513 | D:10     | Killed a deep elf mage
  9715 | D:10     | Noticed a deep elf mage
  9715 | D:10     | Noticed a deep elf archer
  9717 | D:10     | Killed a deep elf mage
  9717 | D:10     | Reached XP level 11. HP: 97/97 MP: 16/16
  9741 | D:10     | Noticed a fire dragon
  9743 | D:10     | Killed a deep elf archer
 10181 | D:10     | You fall through a shaft for 2 floors!
 10312 | D:10     | Killed from afar by a fire dragon

Levels and vault maps discovered:
D:1:      minmay_arrival_jagged, layout_loops_ring
D:2:      layout_loops_ring, minmay_fractal_squares_5
D:3:      layout_rooms, bh_chokoban
D:4:      minmay_spotlight, layout_loops_corners,
          lemuel_zombie_altar_kikubaaqudgha, gammafunk_ghost_split,
          serial_shops, kennysheep_mini
D:5:      layout_loops_ring, serial_shops, shop, first_ration
D:6:      kennysheep_spiral_hall, layout_layer_cave, kennysheep_little_box,
          grunt_temple_overflow_open, serial_bayou, serial_bayou_pond_c,
          serial_bayou_pond_e, serial_bayou_shore_b, serial_bayou_pond_b,
          basic_altar, okawaru_trees_1, uniq_grinder
D:7:      layout_basic, lemuel_coloured_pillars_altar,
          minmay_temple_entry_trees, uniq_joseph, uniq_pikel
D:8:      wad_pebble_path, layout_loops_ring, old_standard_altar,
          gup_ossuary_entry_pyramid, the_bakery, uniq_grum
D:9:      layout_loops_ring, orc_david_3, chequers_serial_rivers_large_a
D:10:     minmay_sliced_demisemicircle, layout_loops_ring, erik_lair_dragon,
          dk_rats_in_the_wall
D:11:     minmay_blocky_corners, layout_basic, chequers_serial_rivers_micro_b,
          kennysheep_cluttered_room, bh_circular_ruins
D:12:     layout_basic
Temple:   minmay_freezing_vapour_temple
Ossuary:  ossuary_minmay_chase

Skill      XL: |  1  2  3  4  5  6  7  8  9 10 11 |
---------------+----------------------------------+-----
Fighting       | 4 5 6 7 8 10 11 12 | 12.0
Axes           | 3 4 5 6 7 9 10 12 | 12.9
Evocations     | 6 7 |  7.3
Armour         | |  3.6
Shields        | |  3.2

Action                   |  1- 3 |  4- 6 |  7- 9 | 10-12 || total
-------------------------+-------+-------+-------+-------++-------
Melee: War axe           |    31 |       |       |       ||    31
       Whip              |    87 |   173 |   524 |   272 ||  1056
Throw: Javelin           |       |       |     6 |     2 ||     8
Invok: Lunge             |       |       |    23 |    12 ||    35
       Whirlwind         |       |       |    12 |    56 ||    68
 Abil: Hop               |       |       |     1 |     1 ||     2
Evoke: Wand              |       |       |     1 |    11 ||    12
  Use: Potion            |     1 |     1 |     1 |     8 ||    11
       Scroll            |       |    11 |    14 |     3 ||    28
 Stab: Invisible         |       |       |     2 |       ||     2
  Eat: Chunk             |     1 |     4 |    15 |     3 ||    23
       Ration            |       |     1 |     1 |     2 ||     4
Armor: Scale mail        |    15 |       |       |       ||    15
       Chain mail        |    33 |    74 |   144 |    52 ||   303
       Skin              |     7 |     7 |       |       ||    14
Dodge: Dodged            |    23 |    27 |    70 |    24 ||   144
Block: Shield            |    43 |    68 |   278 |   113 ||   502
       Reflection        |       |       |     9 |    11 ||    20

Table legend:
 A = Non-vault XP
 B = Vault XP
 C = Vault XP percentage of total XP
 D = Non-vault monster count
 E = Vault monster count
 F = Vault count percentage of total count
                 A         B        C        D         E       F
            +---------+---------+-------+---------+---------+-------
      Total |    5309 |    5526 |  51.0 |     197 |      57 |  22.4
            +---------+---------+-------+---------+---------+-------
        D:1 |      26 |       0 |   0.0 |      15 |       0 |   0.0
        D:2 |     173 |      15 |   8.0 |      45 |       8 |  15.1
        D:3 |     170 |       0 |   0.0 |      24 |       0 |   0.0
        D:4 |     260 |     174 |  40.1 |       9 |       6 |  40.0
        D:5 |     298 |       0 |   0.0 |      14 |       0 |   0.0
        D:6 |     404 |     506 |  55.6 |      16 |       7 |  30.4
        D:7 |     672 |     697 |  50.9 |      16 |       1 |   5.9
        D:8 |     834 |     775 |  48.2 |      23 |       7 |  23.3
        D:9 |     788 |     272 |  25.7 |      16 |       3 |  15.8
       D:10 |    1571 |    2970 |  65.4 |      17 |       6 |  26.1
       D:12 |     113 |       0 |   0.0 |       2 |       0 |   0.0
    Ossuary |       0 |     117 | 100.0 |       0 |      19 | 100.0
            +---------+---------+-------+---------+---------+-------
